 Dungeon Crawl Stone Soup version 0.20.0-4-g10b340a (webtiles) character file.

263375 inmateoo the Executioner (level 19, 0/186 HPs)
             Began as a Minotaur Berserker on May 27, 2017.
             Was the Champion of Trog.
             Slain by Mennas
             ... wielding a +5 eudemon blade of holy wrath
              (26 damage)
             ... on level 3 of the Vaults.
             The game lasted 00:59:14 (30334 turns).

inmateoo the Executioner (Minotaur Berserker)      Turns: 30334, Time: 00:59:15

Health: 0/186      AC: 33    Str: 23 (24) XL:     19   Next: 25%
Magic:  6/6        EV: 14    Int:  3 (4)  God:    Trog [******]
Gold:   968        SH:  0    Dex: 16      Spells: 18/18 levels left

rFire    + + +     SeeInvis .   U - +9 executioner's axe (antimagic)
rCold    + + .     Gourm    .   (shield currently unavailable)
rNeg     . . .     Faith    .   z - +4 gold dragon scales
rPois    +         Spirit   .   (helmet restricted)
rElec    .         Reflect  .   W - scarf {rC+ rF+}
rCorr    +         Harm     .   M - +1 pair of gloves
MR       +....                  j - +0 pair of boots
Stlth    ..........             y - amulet of regeneration
Regen    0.9/turn               G - ring of resist corrosion
MPRegen  0.1/turn               b - ring of protection from fire

@: berserk cooldown, slowed, glowing, silenced, very slow
A: retaliatory headbutt, hooves 1, horns 2, molten scales 1, rugged brown scales
1, camouflage 1, deterioration 1
}: 2/15 runes: decaying, gossamer
a: Renounce Religion


You were on level 3 of the Vaults.
You worshipped Trog.
Trog was exalted by your worship.
You were not hungry.

You visited 6 branches of the dungeon, and saw 34 of its levels.
You also visited: Sewer and Ice Cave.

You collected 3308 gold pieces.
You spent 2340 gold pieces at shops.

Inventory:

Hand Weapons
 U - a +9 antimagic executioner's axe (weapon)
 X - a +3 battleaxe of electrocution
Armour
 j - a +0 pair of boots (worn)
 z - +4 gold dragon scales (worn)
 M - a +1 pair of gloves (worn)
 W - a scarf of resistance (worn)
Jewellery
 b - a ring of protection from fire (right hand)
 q - an uncursed ring of protection from fire
 y - an amulet of regeneration (around neck)
 G - a ring of resist corrosion (left hand)
 H - the ring "Imei" {+Inv rN+ Str+3 Dex-2}
   (You found it on level 6 of the Lair of Beasts)

   [ring of positive energy]

   It affects your strength (+3).
   It affects your dexterity (-2).
   It protects you from negative energy.
   It lets you turn invisible.
 J - an uncursed ring of ice
 L - an uncursed ring of fire {unknown}
 P - a cursed ring of protection from fire
Wands
 k - a wand of digging (24/24)
 o - a wand of scattershot (2/9)
 v - a wand of paralysis (8/24)
 w - a wand of iceblast (7/15)
 D - a wand of polymorph (7/24)
 K - a wand of lightning (7/15)
 O - a wand of iceblast (10/15)
 T - a wand of confusion (27/48)
Scrolls
 d - 14 scrolls of teleportation
 f - 6 scrolls of fear
 g - 7 scrolls of recharging
 i - 5 scrolls of blinking
 l - 16 scrolls of identify
 t - 14 scrolls of remove curse
 R - 8 scrolls of magic mapping
 V - 2 scrolls of fog
Potions
 a - 3 potions of agility
 e - 7 potions of mutation
 h - 15 potions of curing
 n - 6 potions of brilliance
 p - a potion of cancellation
 r - 4 potions of heal wounds
 s - 5 potions of magic
 u - 4 potions of invisibility
 B - 8 potions of haste
 C - 2 potions of resistance
 E - a potion of flight
 F - 3 potions of lignification
 I - 6 potions of ambrosia
 Q - 3 potions of might
 S - 2 potions of berserk rage
Comestibles
 c - 13 bread rations
 m - 14 meat rations
 x - 18 royal jellies
 A - 16 fruits


   Skills:
 + Level 18.9 Fighting
 * Level 23.4 Axes
 + Level 18.5 Armour
 + Level 17.3 Dodging


You had 18 spell levels left.
You didn't know any spells.

Dungeon Overview and Level Annotations

Branches:
Dungeon (15/15)            Temple (0/1) D:7            Lair (6/6) D:10
  Swamp (4/4) Lair:2       Spider (4/4) Lair:2        Slime (0/5) Lair:6
    Orc (2/2) D:9             Elf (0/3) Orc:2        Vaults (3/5) D:13
  Crypt (0/3) Vaults:2     Depths (0/5) D:15

Altars:
Ashenzari
Cheibriados
Dithmenos
Gozag
Kikubaaqudgha
Makhleb
Nemelex Xobeh
Qazlal
Ru
Sif Muna
Trog
Uskayaw
Zin
The Shining One
Beogh

Shops:
D:12 *   D:14 ?   Orc:2 [([(!

Annotations:
D:5 exclusion: door
Vaults:3 Mennas


Innate Abilities, Weirdness & Mutations

You reflexively headbutt those who attack you in melee.
You have a pair of horns on your head.
You have large cloven feet.
You are partially covered in molten scales. (AC +2)
You are partially covered in rugged brown scales. (AC +1, +3% HP)
Your skin changes colour to match your surroundings (Stealth+).
Your body sometimes deteriorates upon taking damage.


Message History

Mennas hits you with an eudemon blade of holy wrath!
* * * LOW HITPOINT WARNING * * *
Unknown command.
You feel much better.
Mennas becomes audible again.
The orc warlord is recalled.
The ogre is recalled.
The two-headed ogre is recalled.
The ironbrand convoker is recalled.
Mennas hits you with an eudemon blade of holy wrath.
* * * LOW HITPOINT WARNING * * *
Mennas hits you with an eudemon blade of holy wrath!
* * * LOW HITPOINT WARNING * * *
An ironbrand convoker comes into view. It is wielding a flail.
The ironbrand convoker casts a spell at the two-headed ogre.
The two-headed ogre seems to grow stronger.
Mennas gestures frantically.
Mennas's surroundings become eerily quiet.
An orc warlord, an ogre and a two-headed ogre come into view.
The orc warlord is wielding a battleaxe of flaming.
You feel much better.
Mennas hits you with an eudemon blade of holy wrath!!
You die...

# #....+... #
#p...#... #
#....#...
###############....#
##............'poO.#
.#............#O...#
.#............#....#
.'............#.A..#
.#............#.@..#
.#............#....#
.##############....#
## #....# ######


You could see Mennas, an orc warlord, a two-headed ogre, 2 ironbrand convokers
and an ogre.

Vanquished Creatures
  Bai Suzhen (Vaults:2)
  the Lernaean hydra (Swamp:4)
  Arachne (Spider:4)
  Rupert (D:13)
  Agnes (Spider:4)
  4 thorn hunters
  Kirke (Swamp:4)
  6 vault wardens (Vaults:2)
  A ghost moth (Spider:4)
  A fire giant (shapeshifter) (Vaults:2)
  An orc warlord (Orc:2)
  2 emperor scorpions
  Louise (Swamp:4)
  4 ironheart preservers
  2 stone giants (Vaults:2)
  Nessos (D:13)
  3 entropy weavers
  Azrael (Spider:3)
  An ettin (D:15)
  2 dire elephants (Lair:6)
  A yaktaur captain (Vaults:2)
  2 fire dragons
  Josephine (Lair:6)
  2 ogre magi (Vaults:1)
  5 vault guards (Vaults:2)
  A great orb of eyes (Vaults:1)
  Erolcha (Orc:2)
  An ice dragon (Vaults:1)
  A catoblepas (D:14)
  5 centaur warriors
  22 hydras
  2 death knights (Vaults:2)
  2 ghost crabs
  10 alligators
  8 death scarabs (Spider:4)
  16 two-headed ogres
  3 tengu warriors
  An orc high priest (Orc:2)
  4 deep troll shamans
  11 death yaks
  A deep elf knight (Vaults:1)
  Sonja (Lair:4)
  3 shadow wraiths
  6 deep trolls
  A wizard (Vaults:2)
  7 unseen horrors
  2 spriggan druids
  4 spectral wolf spiders (Spider:4)
  4 shambling mangroves
  8 orc knights
  A phantasmal warrior (Vaults:2)
  14 swamp dragons
  2 deep elf archers
  4 ironbrand convokers
  Pikel (D:5)
  2 wolf spider zombies (Spider:4)
  A necromancer (IceCv)
  26 wolf spiders
  6 orc sorcerers
  A deep elf mage (D:15)
  12 orb spiders
  4 manticores
  8 ugly things
  8 oklob plants
  Maurice (D:11)
  A manticore (shapeshifter) (Vaults:2)
  5 cyclopes
  A black mamba (shapeshifter) (Vaults:3)
  2 moths of wrath
  4 elephants (Lair:6)
  4 ice statues (IceCv)
  2 black mambas
  17 spiny frogs
  A torpor snail (Spider:2)
  A gargoyle (D:12)
  5 centaur skeletons
  6 vault sentinels
  2 freezing wraiths (Vaults:2)
  A rime drake (shapeshifter) (Vaults:2)
  5 rime drakes
  7 komodo dragons
  A yaktaur (shapeshifter) (Vaults:1)
  9 yaktaurs
  4 spectral redbacks (Spider:4)
  20 demonic crawlers
  A redback zombie (Spider:4)
  3 tengu conjurers
  7 ice devils (IceCv)
  6 trolls
  38 jumping spiders
  10 polar bears
  Grinder (D:6)
  A wind drake (shapeshifter) (D:13)
  21 hornets
  4 spectral tarantellas (Spider:4)
  A jumping spider zombie (Spider:4)
  6 tyrant leeches
  3 bog bodies
  2 raiju (Lair:6)
  2 spectral jumping spiders (Spider:4)
  5 dream sheep (Lair:6)
  30 slime creatures
  10 blink frogs
  2 tarantella zombies (Spider:4)
  A meliai zombie (D:12)
  7 hippogriffs
  3 vampires
  A shadow (Swamp:1)
  5 spriggans
  28 tarantellas
  4 wyverns
  67 yaks
  35 redbacks
  7 wraiths
  A steam dragon (Lair:6)
  A basilisk (shapeshifter) (Vaults:1)
  3 fire elementals (Spider:3)
  14 humans (D:13)
  3 basilisks
  7 vampire mosquitoes (Swamp:4)
  A harpy simulacrum (D:15)
  7 wargs
  2 soldier ants
  5 insubstantial wisps (Swamp:4)
  18 hell hounds
  12 swamp worms
  12 water moccasins
  9 porcupines
  Duvessa (D:4)
  40 orc warriors
  16 swamp drakes
  12 black bears
  12 ice beasts
  3 sky beasts
  A hornet zombie (D:10)
  10 necrophages
  An ice beast (shapeshifter) (Vaults:1)
  15 ogres
  A boggart (Vaults:2)
  2 eyes of draining
  13 centaurs
  18 wolves
  14 crocodiles
  21 bullfrogs
  4 big kobolds
  A gnoll sergeant (D:9)
  A wyvern skeleton (D:12)
  7 killer bees
  An orc simulacrum (Vaults:1)
  A scorpion (D:6)
  Dowan (D:4)
  15 wights
  A howler monkey (D:10)
  A centaur zombie (D:10)
  9 crimson imps
  A quasit (D:14)
  2 draconian simulacra (IceCv)
  7 hounds
  A jelly (D:13)
  25 orc priests
  Crazy Yiuf (D:5)
  3 bullfrog skeletons
  27 orc wizards
  Ijyb (D:3)
  6 iguanas
  10 worker ants
  2 spriggan simulacra (IceCv)
  3 centaur simulacra
  2 hound zombies
  A hound skeleton (D:6)
  Robin (D:3)
  4 worker ant zombies
  14 gnolls
  9 adders
  2 ogre simulacra (IceCv)
  4 river rats (D:6)
  2 naga simulacra (IceCv)
  4 shadow imps
  An ooze (D:1)
  An adder skeleton (D:9)
  An adder zombie (D:10)
  4 worms
  4 leopard geckos
  93 orcs
  2 giant cockroaches (D:3)
  11 goblins
  9 hobgoblins
  12 jackals
  19 kobolds
  6 quokkas
  3 ball pythons
  4 bats
  2 frilled lizards
  A jackal skeleton (D:4)
  A jackal zombie (D:8)
  A quokka zombie (D:6)
  8 rats
  8 briar patches
  3 fungi (Lair:6)
  4 plants
1319 creatures vanquished.

Vanquished Creatures (others)
  A slime creature (Swamp:4)
  5 humans
  An orc wizard (D:8)
  An orc (Vaults:1)
  6 briar patches (Swamp:4)
  15 plants
29 creatures vanquished.

Grand Total: 1348 creatures vanquished

Notes
Turn   | Place    | Note
-------+----------+-------------------------------------------
     0 | D:1      | inmateoo the Minotaur Berserker began the quest for the Orb.
     0 | D:1      | Reached XP level 1. HP: 19/19 MP: 0/0
     0 | D:1      | Upgraded the game from 0.20.0-1-g1cb1d84 to 0.20.0-4-g10b340a
    40 | D:1      | Reached skill level 4 in Axes
    54 | D:2      | Reached XP level 2. HP: 15/26 MP: 1/1
   459 | D:2      | Reached skill level 5 in Axes
   459 | D:2      | Reached XP level 3. HP: 30/31 MP: 2/2
   900 | D:2      | Found a bloodstained altar of Trog.
  1124 | D:3      | Reached ** piety under Trog
  1133 | D:3      | Noticed Ijyb
  1148 | D:3      | Killed Ijyb
  1148 | D:3      | Reached XP level 4. HP: 31/39 MP: 3/3
  1221 | D:3      | Found a glowing golden altar of the Shining One.
  1277 | D:3      | Reached skill level 6 in Axes
  1295 | D:3      | Noticed Robin
  1311 | D:3      | Killed Robin
  1946 | D:4      | Found a stormy altar of Qazlal.
  1975 | D:4      | Reached skill level 7 in Axes
  1975 | D:4      | Reached XP level 5. HP: 34/45 MP: 2/4
  2056 | D:4      | Reached *** piety under Trog
  2194 | D:4      | Noticed Duvessa
  2194 | D:4      | Noticed Dowan
  2201 | D:4      | Killed Dowan
  2212 | D:4      | Killed Duvessa
  2212 | D:4      | Reached skill level 8 in Axes
  2212 | D:4      | Reached XP level 6. HP: 19/51 MP: 1/5
  2777 | D:5      | Entered Level 5 of the Dungeon
  2789 | D:5      | Found an ancient bone altar of Kikubaaqudgha.
  3034 | D:5      | Noticed a slave
  3035 | D:5      | Noticed a slave
  3036 | D:5      | Noticed Pikel
  3036 | D:5      | Noticed a slave
  3038 | D:5      | Noticed a slave
  3058 | D:5      | Killed Pikel
  3058 | D:5      | Reached skill level 5 in Fighting
  3058 | D:5      | Reached skill level 9 in Axes
  3058 | D:5      | Reached XP level 7. HP: 34/61 MP: 4/6
  3079 | D:5      | Found a runed door.
  3134 | D:5      | Noticed Crazy Yiuf
  3138 | D:5      | Killed Crazy Yiuf
  3204 | D:5      | Found a burning altar of Makhleb.
  3258 | D:5      | Reached XP level 8. HP: 61/69 MP: 4/7
  3483 | D:5      | Reached skill level 5 in Armour
  3489 | D:5      | Found a deep blue altar of Sif Muna.
  3711 | D:6      | Found a shattered altar of Ashenzari.
  3965 | D:6      | Reached skill level 10 in Axes
  3965 | D:6      | Reached skill level 5 in Dodging
  4043 | D:6      | Found a glowing drain.
  4050 | Sewer    | Entered a sewer
  4055 | Sewer    | Reached **** piety under Trog
  4361 | D:6      | Noticed a hand axe
  4362 | D:6      | Noticed a dagger
  4362 | D:6      | Found a hide-covered altar of Uskayaw.
  4363 | D:6      | Noticed Grinder
  4376 | D:6      | Paralysed by Grinder for 5 turns
  4388 | D:6      | Paralysed by Grinder for 7 turns
  4397 | D:6      | Killed Grinder
  4397 | D:6      | Reached XP level 9. HP: 61/79 MP: 6/8
  5003 | D:7      | Found a staircase to the Ecumenical Temple.
  5140 | D:8      | Found a snail-covered altar of Cheibriados.
  5281 | D:8      | Reached skill level 11 in Axes
  5350 | D:8      | Noticed a two-headed ogre
  5363 | D:8      | Killed a two-headed ogre
  5367 | D:8      | Reached XP level 10. HP: 90/90 MP: 9/9
  5483 | D:8      | Found a sacrificial altar of Ru.
  5483 | D:8      | Found an opulent altar of Gozag.
  5483 | D:8      | Found a sparkling altar of Nemelex Xobeh.
  5885 | D:9      | Noticed a two-headed ogre
  5893 | D:9      | Killed a two-headed ogre
  5920 | D:9      | Noticed a two-headed ogre
  5945 | D:9      | Killed a two-headed ogre
  6044 | D:9      | Noticed a two-headed ogre
  6052 | D:9      | Killed a two-headed ogre
  6052 | D:9      | Reached skill level 12 in Axes
  6129 | D:9      | Reached ***** piety under Trog
  6129 | D:9      | Reached skill level 10 in Fighting
  6274 | D:9      | Gained mutation: You are partially covered in molten scales. (AC +2) [mutagenic meat]
  6275 | D:9      | Gained mutation: Your body sometimes deteriorates upon taking damage. [mutagenic meat]
  6276 | D:9      | Gained mutation: You have large cloven feet. [mutagenic meat]
  6277 | D:9      | Gained mutation: Your skin changes colour to match your surroundings (Stealth+). [mutagenic meat]
  6278 | D:9      | Gained mutation: You are partially covered in rugged brown scales. (AC +1, +3% HP) [mutagenic meat]
  6353 | D:9      | Found a staircase to the Orcish Mines.
  6385 | D:9      | Found a shadowy altar of Dithmenos.
  6428 | D:9      | Found a glowing silver altar of Zin.
  6429 | D:9      | Noticed an angel
  6532 | D:10     | Entered Level 10 of the Dungeon
  6592 | D:10     | Reached XP level 11. HP: 103/103 MP: 7/10
  6708 | D:10     | Reached skill level 10 in Armour
  6761 | D:10     | Received a gift from Trog
  6913 | D:10     | Found a staircase to the Lair.
  7462 | D:11     | Killed an unseen horror
  7485 | D:11     | Noticed Maurice
  7505 | D:11     | Killed Maurice
  7542 | D:11     | Noticed a six-headed hydra
  7565 | D:11     | Killed a three-headed hydra
  7660 | D:11     | Killed an unseen horror
  7660 | D:11     | Reached skill level 13 in Axes
  7719 | D:11     | Reached skill level 10 in Dodging
  7816 | D:11     | Noticed a two-headed ogre
  7824 | D:11     | Killed a two-headed ogre
  7983 | D:11     | Received a gift from Trog
  8013 | D:11     | Reached XP level 12. HP: 111/113 MP: 11/11
  8197 | D:12     | Noticed a seven-headed hydra
  8205 | D:12     | Killed a three-headed hydra
  8263 | D:12     | Found Viplushy's Assorted Antiques.
  8333 | D:12     | Bought a sedimented pink potion for 25 gold pieces
  8333 | D:12     | Bought a white potion for 25 gold pieces
  8333 | D:12     | Bought a grey potion for 25 gold pieces
  8333 | D:12     | Bought a potion of curing for 84 gold pieces
  8333 | D:12     | Bought a scroll of fear for 98 gold pieces
  8444 | D:12     | Noticed a two-headed ogre
  8451 | D:12     | Killed a two-headed ogre
  8682 | D:12     | Reached skill level 14 in Axes
  9025 | D:13     | Found a gate to the Vaults.
  9025 | D:13     | Noticed Rupert
  9025 | D:13     | Noticed Nessos
  9087 | Lair:1   | Entered Level 1 of the Lair of Beasts
  9838 | Lair:2   | Found a hole to the Spider Nest.
 10185 | Lair:2   | Found a staircase to the Swamp.
 10300 | Lair:2   | Reached XP level 13. HP: 122/122 MP: 10/12
 10608 | Lair:3   | Found an opulent altar of Gozag.
 10973 | Lair:3   | Reached skill level 15 in Axes
 11089 | Lair:3   | Reached ****** piety under Trog
 11534 | Lair:4   | Found a frozen archway.
 11568 | IceCv    | Entered an ice cave
 11901 | IceCv    | Received a gift from Trog
 12092 | Lair:4   | Noticed Sonja
 12105 | Lair:4   | Killed Sonja
 12242 | Lair:4   | Reached skill level 16 in Axes
 12978 | Lair:6   | Entered Level 6 of the Lair of Beasts
 13062 | Lair:6   | Reached XP level 14. HP: 135/135 MP: 13/13
 13090 | Lair:6   | Noticed Josephine
 13098 | Lair:6   | Killed Josephine
 13402 | Lair:6   | Received a gift from Trog
 13804 | Lair:6   | Reached skill level 17 in Axes
 14998 | Lair:6   | Got a warped pewter ring
 15092 | Lair:6   | Found a staircase to the Slime Pits.
 15149 | Lair:6   | Identified the ring "Imei" {+Inv rN+ Str+3 Dex-2} (You found it on level 6 of the Lair of Beasts)
 15635 | Orc:1    | Entered Level 1 of the Orcish Mines
 15721 | Orc:2    | Entered Level 2 of the Orcish Mines
 15721 | Orc:2    | Found a staircase to the Elven Halls.
 15735 | Orc:2    | Received a gift from Trog
 15777 | Orc:2    | Reached skill level 18 in Axes
 15822 | Orc:2    | Noticed Erolcha
 15832 | Orc:2    | Killed Erolcha
 15892 | Orc:2    | Reached XP level 15. HP: 127/143 MP: 3/14
 15908 | Orc:2    | Found a roughly hewn altar of Beogh.
 15955 | Orc:2    | Found a roughly hewn altar of Beogh.
 15967 | Orc:2    | Found Atoadwops's Distillery.
 15975 | Orc:2    | Bought a potion of might for 68 gold pieces
 15975 | Orc:2    | Bought a potion of berserk rage for 85 gold pieces
 16005 | Orc:2    | Noticed an orc warlord
 16028 | Orc:2    | Killed an orc warlord
 16034 | Orc:2    | Reached skill level 15 in Armour
 16064 | Orc:2    | Found Acysoo's Antique Armour Emporium.
 16075 | Orc:2    | Found a roughly hewn altar of Beogh.
 16081 | Orc:2    | Found Qobron's Antique Weapon Shoppe.
 16086 | Orc:2    | Bought a spiked chain mail for 190 gold pieces
 16086 | Orc:2    | Bought a runed scarf for 160 gold pieces
 16086 | Orc:2    | Bought a slimy scale mail for 180 gold pieces
 16102 | Orc:2    | Identified the +10 chain mail "Niymaki" {Regen+} (You bought it in a shop on level 2 of the Orcish Mines)
 16112 | Orc:2    | Identified the cursed +0 scale mail "Fekesodys" {*Corrode Str+4 Dex+4} (You bought it in a shop on level 2 of the Orcish Mines)
 16231 | Orc:2    | Received a gift from Trog
 16233 | Orc:2    | Found Wyn Wodwis's Armour Shoppe.
 16302 | Orc:2    | Bought +1 gold dragon scales for 870 gold pieces
 16331 | Orc:2    | Found a roughly hewn altar of Beogh.
 16359 | Orc:2    | Found Jamimed's Weapon Emporium.
 16427 | Orc:2    | Found a roughly hewn altar of Beogh.
 16454 | Orc:2    | Found a roughly hewn altar of Beogh.
 16581 | Orc:1    | Reached skill level 15 in Fighting
 16914 | Swamp:1  | Entered Level 1 of the Swamp
 17874 | Swamp:2  | Received a gift from Trog
 18118 | Swamp:2  | Noticed a thorn hunter
 18128 | Swamp:2  | Killed a thorn hunter
 18509 | Swamp:3  | Reached skill level 19 in Axes
 19444 | Swamp:4  | Entered Level 4 of the Swamp
 19513 | Swamp:4  | Noticed Louise
 19530 | Swamp:4  | Killed Louise
 19560 | Swamp:4  | Noticed Kirke
 19575 | Swamp:4  | Killed Kirke
 19960 | Swamp:4  | Noticed a thorn hunter
 19971 | Swamp:4  | Received a gift from Trog
 19972 | Swamp:4  | Reached XP level 16. HP: 138/155 MP: 5/15
 19983 | Swamp:4  | Killed a thorn hunter
 20105 | Swamp:4  | Noticed a thorn hunter
 20120 | Swamp:4  | Killed a thorn hunter
 20143 | Swamp:4  | Noticed the 27-headed Lernaean hydra
 20169 | Swamp:4  | Killed the 20-headed Lernaean hydra
 20244 | Swamp:4  | Reached skill level 20 in Axes
 20435 | Swamp:4  | Noticed a thorn hunter
 20440 | Swamp:4  | Killed a thorn hunter
 20822 | Swamp:4  | Reached skill level 15 in Dodging
 20923 | Swamp:4  | Got a decaying rune of Zot
 21446 | D:13     | Killed Rupert
 21468 | D:13     | Killed Nessos
 21572 | D:13     | Received a gift from Trog
 22531 | D:14     | Found Qarch's Magic Scroll Shop.
 22534 | D:14     | Bought a scroll of enchant armour for 142 gold pieces
 22534 | D:14     | Bought a scroll of enchant weapon for 142 gold pieces
 22534 | D:14     | Bought a scroll of magic mapping for 66 gold pieces
 22534 | D:14     | Bought a scroll of blinking for 142 gold pieces
 22534 | D:14     | Bought a scroll of identify for 38 gold pieces
 22544 | D:14     | Received a gift from Trog
 23029 | D:15     | Entered Level 15 of the Dungeon
 23044 | D:15     | Reached XP level 17. HP: 94/164 MP: 5/16
 23597 | D:15     | Found a staircase to the Depths.
 23965 | Spider:1 | Entered Level 1 of the Spider Nest
 23986 | Spider:1 | Reached skill level 21 in Axes
 24523 | Spider:1 | Received a gift from Trog
 25432 | Spider:3 | Noticed Azrael
 25448 | Spider:3 | Killed Azrael
 25778 | Spider:3 | Received a gift from Trog
 26123 | Spider:4 | Entered Level 4 of the Spider Nest
 26182 | Spider:4 | Noticed Arachne
 26201 | Spider:4 | Killed Arachne
 26736 | Spider:4 | Reached XP level 18. HP: 155/176 MP: 5/17
 26757 | Spider:4 | Received a gift from Trog
 26761 | Spider:4 | Reached skill level 22 in Axes
 26889 | Spider:4 | Noticed Agnes
 26898 | Spider:4 | Killed Agnes
 27419 | Spider:4 | Got a gossamer rune of Zot
 27668 | Vaults:1 | Entered Level 1 of the Vaults
 28070 | Vaults:1 | Received a gift from Trog
 29103 | Vaults:2 | Noticed Bai Suzhen
 29117 | Vaults:2 | Killed Bai Suzhen
 29187 | Vaults:2 | Reached skill level 23 in Axes
 29250 | Vaults:2 | Received a gift from Trog
 29259 | Vaults:2 | Reached XP level 19. HP: 186/186 MP: 6/18
 29952 | Vaults:2 | Found a staircase to the Crypt.
 30024 | Vaults:2 | Received a gift from Trog
 30304 | Vaults:3 | Noticed Mennas
 30332 | Vaults:3 | HP: 1/186 [Mennas/eudemon blade of holy wrath (16)]
 30334 | Vaults:3 | Slain by Mennas

Skill      XL: |  1  2  3  4  5  6  7  8  9 10 11 12 13 14 15 16 17 18 |
---------------+-------------------------------------------------------+-----
Axes           | 4 5 7 8 9 10 11 12 13 14 16 18 19 20 21 23 | 23.4
Fighting       | 5 7 8 10 11 12 14 15 16 17 18 | 18.9
Armour         | 4 6 7 9 11 12 13 14 15 16 17 18 | 18.5
Dodging        | 3 4 5 7 8 10 11 12 13 14 15 16 17 | 17.3

Action                   |  1- 3 |  4- 6 |  7- 9 | 10-12 | 13-15 | 16-18 | 19-21 || total
-------------------------+-------+-------+-------+-------+-------+-------+-------++-------
Melee: Hand axe          |    64 |   146 |   103 |   235 |   138 |    49 |       ||   735
       Headbutt          |    11 |    31 |    49 |   145 |   317 |   357 |    27 ||   937
       War axe           |       |       |   169 |   361 |   385 |       |       ||   915
       Executioner's axe |       |       |       |       |   244 |   315 |   113 ||   672
       Battleaxe         |       |       |       |       |   421 |   795 |       ||  1216
Invok: Berserk           |       |     1 |     3 |    14 |    10 |     6 |     2 ||    36
       Trog's Hand       |       |       |     1 |     3 |     8 |     6 |     2 ||    20
       Burn Spellbooks   |       |       |       |     2 |     2 |     7 |       ||    11
 Abil: Evoke Invisibilit |       |       |       |       |     2 |       |       ||     2
Evoke: Wand              |       |       |       |       |     2 |     2 |       ||     4
  Use: Scroll            |       |       |       |    22 |    20 |     4 |     1 ||    47
       Potion            |       |       |       |       |     5 |     1 |     6 ||    12
 Stab: Paralysed         |       |       |       |       |     1 |     3 |       ||     4
       Confused          |       |       |       |       |     2 |       |       ||     2
       Invisible         |       |       |       |       |     2 |       |       ||     2
  Eat: Chunk             |       |     6 |    10 |    31 |    30 |    23 |     4 ||   104
       Fruit             |       |       |     2 |     6 |     7 |    11 |       ||    26
       Royal jelly       |       |       |       |       |     1 |     2 |     2 ||     5
       Meat ration       |       |       |       |       |     2 |       |       ||     2
Armor: Animal skin       |     1 |       |       |       |       |       |       ||     1
       Chain mail        |    28 |       |       |       |    11 |       |       ||    39
       Scale mail        |       |    72 |   117 |   198 |   308 |       |       ||   695
       Gold dragon scale |       |       |       |       |   275 |  1177 |    88 ||  1540
Dodge: Dodged            |    32 |    61 |   155 |   347 |   860 |   914 |    90 ||  2459
